Twovenger, chaotic male elven Ranger -------------- --------------- |.............## |.....>.......| *|.....*...._.| # ------- |.............| #..........<..| ###|.....| #...............#### ------ ---- #.---.--------- #......-#######|.............| # |....+ ..{| ### |...{.| --------------- ##-....|....| # 0 ------- |.d..||.%.| # |.@.......| ---------# --------- .....|..$.| |.......|# |.......| |....|....| |..(....-# |.......| ----------- |.......|####.........# |........# |.......|### ------ --------- |.......| # |.....##### --------- ###############.....| |....| ------ Twovenger the Trailblazer Experience level: 7 Strength: 12 Dexterity: 11 Constitution: 14 Intelligence: 14 Wisdom: 14 Charisma: 8 Health: 0(41) Energy: 43(43) AC: -4 Gold: 694 Moves: 3259 Your Inventory: Coins $ - 694 gold pieces Weapons a - an uncursed +1 elven dagger (weapon in hand) b - an uncursed +1 elven bow (alternate weapon; not wielded) c - 49 uncursed +2 elven arrows (in quiver) d - 38 uncursed +0 elven arrows l - a [blessed +0] war hammer o - 31 [uncursed +0] arrows q - an [uncursed +0] mace Armor e - an uncursed +2 elven cloak (being worn) g - a [blessed] +1 iron skull cap [orcish helm] (being worn) u - an [uncursed] +0 banded mail (being worn) x - an [uncursed] +0 pair of hard shoes [iron] (being worn) Comestibles f - 3 uncursed lembas wafers Scrolls k - 2 [uncursed] scrolls labeled VAS CORP BET MANI [of remove curse] w - an [uncursed] scroll labeled VE FORBRYDERNE [of identify] Spellbooks s - an [uncursed] spellbook of create monster I - an [uncursed] light blue spellbook [of cone of cold] Potions i - an [uncursed] icy potion [of blindness] m - a [blessed] greasy potion [of sickness] G - an [uncursed] pink potion [of object detection] J - an [uncursed] emerald potion [of invisibility] Rings H - a [cursed] amber ring named cursed [of aggravate monster] Wands p - an [uncursed] forked wand [of secret door detection (0:11)] C - an [uncursed] wand of light [0:13] Tools D - an [uncursed tallow] candle Gems K - 2 [uncursed] blue gems [worthless glass] Spells known in the end: Name Level Category Fail Memory a - create monster 2 clerical 100% [||||||||] Your skills at the end: Fighting Skills Weapon Skills dagger [Basic / Expert] bow [Basic / Expert] Spellcasting Skills Final Attributes: You were piously aligned. Hunger level was 808. Your alignment was 26 / 26. Monster difficulty range was 1 - 6. Level difficulty was 6. You were immune to sleep. You saw invisible. You had automatic searching. You had infravision. You were stealthy. Your luck was zero. You are dead. Vanquished creatures: a giant beetle a leprechaun a housecat a blue jelly a snake a wood nymph a rock mole a pony a gnome lord 2 gray oozes a giant ant a floating eye 2 kittens a dwarf a kobold lord 8 hill orcs 2 rothes 3 orc zombies a dwarf zombie a werejackal an iguana an acid blob a hobbit a hobgoblin 4 giant rats 2 cave spiders a red mold 5 geckos 2 jackals 3 goblins a sewer rat a grid bug 5 lichens a kobold zombie a newt 62 creatures vanquished. Voluntary challenges: You were an atheist. You used a wielded weapon 70 times. You read items or engraved 7 times. You put on armor 14 times. You never genocided any monsters. You never polymorphed an object. You never changed form. You used no wishes. You never wrote Elbereth's name. You never encountered a bones level. You never used any Sokoban shortcuts. Dungeon overview: The Dungeons of Doom: levels 1 to 6 Level 1 a long staircase Level 2 a long staircase Level 4 some fountains Level 5 a fountain Level 6 <- You were here an altar to Mars, some fountains History has recorded: On T:1 you entered the Dungeons of Doom to retrieve the Amulet of Yendor! On T:271 you reached level 2 of The Dungeons of Doom. On T:286 you advanced to experience level 2. On T:513 you reached level 3 of The Dungeons of Doom. On T:746 you advanced to experience level 3. On T:1032 you reached level 4 of The Dungeons of Doom. On T:1050 you advanced to experience level 4. On T:1303 you advanced to experience level 5. On T:1920 you advanced to experience level 6. On T:2011 you reached level 5 of The Dungeons of Doom. On T:2617 you advanced to experience level 7. On T:2805 you reached level 6 of The Dungeons of Doom. Latest messages: [2 turns] You hit the giant beetle. The giant beetle bites! [HP-6=21] You hit the giant beetle. (2x) The giant beetle misses. [HP+1=22] [2 turns] You miss the giant beetle. The giant beetle bites! [HP-10=12] b - an uncursed +1 elven bow (weapon in hand). a - an uncursed +1 elven dagger (alternate weapon; not wielded). You shoot 2 elven arrows. The 1st elven arrow hits the giant beetle! The 2nd elven arrow hits the giant beetle! You kill the giant beetle! a - an uncursed +1 elven dagger (weapon in hand). b - an uncursed +1 elven bow (alternate weapon; not wielded). You have a little trouble lifting c - 2 uncursed +2 elven arrows (in quiver). You see here a giant beetle corpse. [2 turns] Ecch - that must have been poisonous! You die... Final status: Goodbye Twovenger the Ranger... You died in The Dungeons of Doom on dungeon level 6 with 3669 points, and 694 pieces of gold, after 3259 moves. You were level 7 with a maximum of 41 hit points when you died.